 Dungeon Crawl Stone Soup version 0.29-a0-1065-g47a6bb87d6 (webtiles) character file.

Game seed: 13992098112125845033

59 SensoryNuts the Cutter (level 3, 0/27 HPs)
             Began as a Vampire Gladiator on Aug 19, 2022.
             Slain by Terence
             ... wielding a +0 mace
              (5 damage)
             ... on level 2 of the Dungeon.
             The game lasted 00:01:07 (1009 turns).

SensoryNuts the Cutter (Vampire Gladiator)          Turns: 1009, Time: 00:01:08

Health: 0/27       AC:  5    Str: 15    XL:     3   Next: 78%
Magic:  3/3        EV: 13    Int: 10    God:
Gold:   62         SH:  0    Dex: 15    Spells: 2/2 levels left

rFire   . . .      SeeInvis +   a - +0 rapier
rCold   . . .      Faith    .   (no shield)
rNeg    . . .      Spirit   .   b - +0 leather armour
rPois   .          Reflect  .   c - +0 helmet
rElec   .          Harm     .   i - +0 cloak
rCorr   .          Rampage  .   (no gloves)
Will    .....                   (no boots)
Stlth   +.........              (no amulet)
HPRegen 0.29/turn               (no ring)
MPRegen 0.08/turn               (no ring)

@: brilliant, healing quickly
A: alive, fangs 3, see invisible, vampiric 2
a: Exsanguinate


You were on level 2 of the Dungeon.
You visited 1 branch of the dungeon, and saw 2 of its levels.

You collected 62 gold pieces.

Inventory:

Hand Weapons
 a - a +0 rapier (weapon)
Missiles
 d - 3 throwing nets (quivered)
 e - a javelin
Armour
 b - a +0 leather armour (worn)
 c - a +0 helmet (worn)
 i - a +0 cloak (worn)
Wands
 l - a wand of flame (21)
Scrolls
 g - 2 scrolls of identify {unknown}
 h - 2 scrolls of immolation {unknown}
 j - a scroll of brand weapon {unknown}
 k - a scroll of teleportation {unknown}
 m - a scroll of magic mapping {unknown}
Potions
 n - a potion of haste {unknown}


   Skills:
 + Level 2.0 Fighting
 + Level 4.4 Short Blades
 + Level 1.6 Throwing
 + Level 0.9 Armour
 + Level 3.7 Dodging
 + Level 0.1 Stealth


You had 2 spell levels left.
You didn't know any spells.
Your spell library was empty.

Dungeon Overview and Level Annotations

Branches:
Dungeon (2/15)

Altars:
Uskayaw

Annotations:
D:2 Terence


Innate Abilities, Weirdness & Mutations

Your natural rate of healing is accelerated.
You have razor-sharp teeth.
You have supernaturally acute eyesight. (SInv)
You are afflicted with vampirism and can become a bat while bloodless.


Message History

Terence says, "You're history."
Terence barely misses you.
You closely miss Terence.
Terence is severely wounded.
Terence misses you.
You closely miss Terence.
Terence is severely wounded.
Terence barely misses you.
You barely miss Terence.
Terence is severely wounded.
Terence barely misses you.
You closely miss Terence.
Terence is severely wounded.
Terence barely misses you.
You hit Terence but do no damage.
Terence is severely wounded.
Terence completely misses you.
You closely miss Terence.
Terence is severely wounded.
Terence misses you.
You hit Terence.
Terence is severely wounded.
Terence misses you.
You hit Terence but do no damage.
Terence is severely wounded.
Terence hits you with a +0 mace.
You hit Terence but do no damage.
Terence is severely wounded.
Terence hits you with a +0 mace!
You barely miss Terence.
Terence is severely wounded.
Terence barely misses you.
You hit Terence.
Terence is almost dead.
Terence hits you with a +0 mace.
* * * LOW HITPOINT WARNING * * *
It was a potion of brilliance.
You feel clever all of a sudden. Terence hits you with a +0 mace.
You die...

######### #.......#
#######.##.##.#
........#...#.######
.#######..†...##... .#
##...#.##.##### .#
##.##..).....# .#####
#.#####@###.# .....#
#.# #@.# <###.# ##+##
#.... .# #.# ##...##
#.....# .#
#.###.....###.._..#
.###.##.......##.....#
..##.#.........#......
.....'.........+.......
..##.#.........#


You could see Terence.

Vanquished Creatures
  A hound zombie (D:2)
  A worm (D:2)
  3 dart slugs
  3 bats (D:1)
  3 giant cockroaches
  3 goblins (D:1)
  7 hobgoblins
  6 kobolds
  2 quokkas (D:1)
  2 frilled lizards (D:1)
  2 rats
33 creatures vanquished.

Vanquished Creatures (others)
  A fungus (D:2)
  4 plants (D:2)
5 creatures vanquished.

Grand Total: 38 creatures vanquished

Notes
Turn   | Place    | Note
-------+----------+-------------------------------------------
     0 | D:1      | SensoryNuts the Vampire Gladiator began the quest for the
                  | Orb.
     0 | D:1      | Reached XP level 1. HP: 16/16 MP: 1/1
   155 | D:1      | Reached XP level 2. HP: 22/22 MP: 2/2
   346 | D:1      | Reached skill level 4 in Short Blades
   623 | D:1      | Gained mutation: You are afflicted with vampirism and can
                  | become a bat while bloodless. [Vampire growth]
   623 | D:1      | Reached XP level 3. HP: 26/27 MP: 3/3
   987 | D:2      | Found a hide-covered altar of Uskayaw.
   987 | D:2      | Noticed Terence
  1009 | D:2      | Slain by Terence

Illustrated notes

Levels and vault maps discovered:
D:1:      minmay_arrival_shattered_statue, layout_basic
D:2:      layout_loops_corners, shapermc_ecumenical_altar_acropolis,
          basic_altar, serial_undead, serial_undead_e, serial_undead_c,
          serial_undead_e, serial_undead_f, serial_undead_d,
          minmay_misc_feat_doors, serial_bayou_lagoon_b, uniq_sigmund,
          uniq_terence

Skill      XL: |  1  2  3 |
---------------+----------+-----
Short Blades   | 4 |  4.4
Fighting       | 2 |  2.0
Throwing       | |  1.6
Armour         | |  0.9
Dodging        | |  3.7
Stealth        | |  0.1

Action                   || total
-------------------------++-------
Melee: Rapier            ||   130
       Bite              ||     7
       Punch             ||     2
  Use: Potion            ||     1
 Stab: Sleeping          ||     1
Armor: Leather armour    ||    34
Dodge: Dodged            ||    98

Table legend: (Time is in decaauts)
 A = Elapsed time spent in this place.
 B = Non-inter-level travel time spent in this place.
 C = Inter-level travel time spent in this place.
 D = Time resting spent in this place.
 E = Time spent auto-exploring this place.
 F = Levels seen in this place.
 G = Mean time per level.
                   A        B        C        D        E       F      G
               +--------+--------+--------+--------+--------+-----+--------+
         Total |   1009 |   1009 |      0 |      0 |    701 |   2 |  504.5 |
       Dungeon |   1009 |   1009 |      0 |      0 |    701 |   2 |  504.5 |
               +--------+--------+--------+--------+--------+-----+--------+

Top non-repeatable levels by time:
     D:1: 713 daAuts
     D:2: 296 daAuts
